SNL (28 & UNDER)
GAINESVILLE GUIDOS @ SANTA FE DIABLOS
07/08/2024
 
TOP OF THE 1ST
Gainesville Guidos batting - Pitching for Santa Fe Diablos : RHP Darryl Carter
Pitching: RHP Darryl Carter
Batting: RHB Iván Moreno 0-0: Ball
1-0: DOUBLE (Line Drive, 3L)
Batting: LHB António Cedeño 0-0: Ball
1-0: Ball
2-0: Foul Ball, location: 2F
2-1: Foul Ball, location: 2F
2-2: 2-RUN HOME RUN (Flyball, 89XD), Distance : 400 ft
Batting: LHB Dave Watt 0-0: Ball
1-0: Called Strike
1-1: Ground out 5-3 (Groundball, 56)
Batting: RHB Kurt Walter 0-0: Ball
1-0: Foul Ball, location: 2F
1-1: SOLO HOME RUN (Flyball, 7D), Distance : 346 ft
Batting: RHB Noriyori Ine 0-0: Called Strike
0-1: Ball
1-1: Called Strike
1-2: Strikes out swinging
Batting: RHB Tetsunori Ito 0-0: Foul Ball, location: 2F
0-1: Ball
1-1: Called Strike
1-2: Strikes out looking
Top of the 1st over - 3 run(s), 3 hit(s), 0 error(s), 0 left on base; Gainesville 3 - Santa Fe 0
BOTTOM OF THE 1ST
Santa Fe Diablos batting - Pitching for Gainesville Guidos : RHP Ronald Adams
Pitching: RHP Ronald Adams
Batting: RHB Emílio Bruno 0-0: Ball
1-0: Ball
2-0: Foul Ball, location: 2F
2-1: Ground out 5-3 (Groundball, 5S)
Batting: RHB Michael Anderson 0-0: Ball
1-0: Ground out 4-3 (Groundball, 4)
Batting: SHB António Hernández 0-0: Foul Ball, location: 2F
0-1: Ball
1-1: Ball
2-1: Called Strike
2-2: DOUBLE (Groundball, 3L)
Batting: RHB Robinson Pacheco 0-0: Ball
1-0: Ball
2-0: Called Strike
2-1: Foul Ball, location: 2F
2-2: Ball
3-2: Base on Balls
Batting: LHB Don Soper 0-0: Fly out, F9 (Flyball, 89XD)
Bottom of the 1st over - 0 run(s), 1 hit(s), 0 error(s), 2 left on base; Gainesville 3 - Santa Fe 0
TOP OF THE 2ND
Gainesville Guidos batting - Pitching for Santa Fe Diablos : RHP Darryl Carter
Batting: RHB José Ortega 0-0: Foul Ball, location: 2F
0-1: Foul Ball, location: 2F
0-2: Ball
1-2: Ball
2-2: Foul Ball, location: 2F
2-2: Ball
3-2: Base on Balls
Batting: RHB Ben Morton 0-0: Ball
1-0: Fielders Choice at 2nd, 2-6 (Groundball, 2R)
Batting: RHB Kyle O'Day 0-0: Swinging Strike
0-1: Ball
1-1: Ball
2-1: Swinging Strike
2-2: Strikes out looking
Batting: RHB Iván Moreno 0-0: Ball
1-0: SINGLE (Flyball, 7LS)
Ben Morton to second
Batting: LHB António Cedeño 0-0: Ball
1-0: Ball
2-0: Ball
3-0: Called Strike
3-1: Base on Balls
Ben Morton to third
Iván Moreno to second
Batting: LHB Dave Watt 0-0: Ground out 6-3 (Groundball, 6)
Top of the 2nd over - 0 run(s), 1 hit(s), 0 error(s), 3 left on base; Gainesville 3 - Santa Fe 0
BOTTOM OF THE 2ND
Santa Fe Diablos batting - Pitching for Gainesville Guidos : RHP Ronald Adams
Batting: RHB Bill Finley 0-0: Ball
1-0: Ground out 6-3 (Groundball, 6)
Batting: RHB Keith Jones 0-0: Ball
1-0: Ball
2-0: Ball
3-0: Called Strike
3-1: Base on Balls
Batting: RHB John Dinkins 0-0: Ground out 4-3 (Groundball, 4M)
Keith Jones to second
Batting: SHB Ángel Díaz 0-0: Ball
1-0: Swinging Strike
1-1: Ground out 6-3 (Groundball, 6)
Bottom of the 2nd over - 0 run(s), 0 hit(s), 0 error(s), 1 left on base; Gainesville 3 - Santa Fe 0
TOP OF THE 3RD
Gainesville Guidos batting - Pitching for Santa Fe Diablos : RHP Darryl Carter
Batting: RHB Kurt Walter 0-0: Ball
1-0: SINGLE (Line Drive, 78S)
Batting: RHB Noriyori Ine 0-0: Ball
1-0: Ball
2-0: Ball
3-0: Base on Balls
Kurt Walter to second
Batting: RHB Tetsunori Ito 0-0: Ball
1-0: Fly out, F4 (Popup, 3F)
Batting: RHB José Ortega 0-0: Ball
1-0: DOUBLE (Flyball, 8RD)
Kurt Walter scores
Noriyori Ine to third
Batting: RHB Ben Morton 0-0: Fly out, F8 (Flyball, 8RM)
Runner from 3rd tags up, SCORES, no throw
Batting: RHB Kyle O'Day 0-0: Ball
1-0: Foul Ball, location: 2F
1-1: SINGLE (Line Drive, 4MD)
José Ortega to third
Runner from 3rd tries for Home, SAFE, no throw or cutoff
Batting: RHB Iván Moreno 0-0: Called Strike
Kyle O'Day steals 2nd base
0-1: Ball
1-1: Swinging Strike
1-2: Strikes out looking
Top of the 3rd over - 3 run(s), 3 hit(s), 0 error(s), 1 left on base; Gainesville 6 - Santa Fe 0
BOTTOM OF THE 3RD
Santa Fe Diablos batting - Pitching for Gainesville Guidos : RHP Ronald Adams
Batting: RHB Emílio Bruno 0-0: Ground out 6-3 (Groundball, 6)
Batting: RHB Michael Anderson 0-0: Ball
1-0: Ball
2-0: SINGLE (Groundball, 5L)
Batting: SHB António Hernández 0-0: Swinging Strike
0-1: Foul Ball, location: 2F
0-2: Ball
1-2: Ball
2-2: Grounds into double play, 6-4-3 (Groundball, 6)
Bottom of the 3rd over - 0 run(s), 1 hit(s), 0 error(s), 0 left on base; Gainesville 6 - Santa Fe 0
TOP OF THE 4TH
Gainesville Guidos batting - Pitching for Santa Fe Diablos : RHP Darryl Carter
Batting: LHB António Cedeño 0-0: Called Strike
0-1: Ball
1-1: Ball
2-1: Called Strike
2-2: Strikes out looking
Batting: LHB Dave Watt 0-0: Ball
1-0: Ground out 6-3 (Groundball, 6M)
Batting: RHB Kurt Walter 0-0: Ball
1-0: Called Strike
1-1: Called Strike
1-2: Ball
2-2: Ball
3-2: Strikes out swinging
Top of the 4th over - 0 run(s), 0 hit(s), 0 error(s), 0 left on base; Gainesville 6 - Santa Fe 0
BOTTOM OF THE 4TH
Santa Fe Diablos batting - Pitching for Gainesville Guidos : RHP Ronald Adams
Batting: RHB Robinson Pacheco 0-0: Called Strike
0-1: Ball
1-1: Called Strike
1-2: Ball
2-2: Ground out 6-3 (Groundball, 6)
Batting: LHB Don Soper 0-0: Ground out 3-1 (Groundball, 34)
Batting: RHB Bill Finley 0-0: Ball
1-0: Called Strike
1-1: Fly out, F3 (Line Drive, 34S)
Bottom of the 4th over - 0 run(s), 0 hit(s), 0 error(s), 0 left on base; Gainesville 6 - Santa Fe 0
TOP OF THE 5TH
Gainesville Guidos batting - Pitching for Santa Fe Diablos : RHP Darryl Carter
Batting: RHB Noriyori Ine 0-0: Fly out, F7 (Flyball, 78D)
Batting: RHB Tetsunori Ito 0-0: Called Strike
0-1: Ball
1-1: Ball
2-1: Ball
3-1: Called Strike
3-2: Base on Balls
Batting: RHB José Ortega 0-0: Swinging Strike
0-1: Called Strike
0-2: Foul Ball, location: 2F
0-2: Ball
1-2: Ball
2-2: Ball
3-2: Foul Ball, location: 2F
3-2: Base on Balls
Tetsunori Ito to second
Batting: RHB Ben Morton 0-0: SINGLE (Groundball, 56D)
Tetsunori Ito to third
José Ortega to second
Runner from 3rd tries for Home, SAFE, no throw or cutoff
Batting: RHB Kyle O'Day 0-0: Ball
1-0: Foul Ball, location: 2F
1-1: Ball
2-1: Ball
3-1: Base on Balls
José Ortega to third
Ben Morton to second
Pitching: LHP Columbo Briatori
Batting: RHB Iván Moreno 0-0: Called Strike
0-1: Called Strike
0-2: Ball
1-2: Ball
2-2: Ball
3-2: Base on Balls
José Ortega scores
Ben Morton to third
Kyle O'Day to second
Batting: LHB António Cedeño 0-0: Ground out 4-3 (Groundball, 4M)
Ben Morton scores
Kyle O'Day to third
Iván Moreno to second
Batting: LHB Dave Watt 0-0: Foul Ball, location: 2F
0-1: Ball
1-1: Ball
2-1: Ball
3-1: Foul Ball, location: 2F
3-2: Strikes out swinging
Top of the 5th over - 3 run(s), 1 hit(s), 0 error(s), 2 left on base; Gainesville 9 - Santa Fe 0
BOTTOM OF THE 5TH
Santa Fe Diablos batting - Pitching for Gainesville Guidos : RHP Ronald Adams
Batting: RHB Keith Jones 0-0: Called Strike
0-1: Foul Ball, location: 2F
0-2: Strikes out looking
Batting: RHB John Dinkins 0-0: SINGLE (Line Drive, 78S)
Batting: SHB Ángel Díaz 0-0: Fly out, F7 (Flyball, 78M)
Batting: RHB Emílio Bruno 0-0: Ball
1-0: Fielders Choice at 2nd, 6-4 (Groundball, 6)
Bottom of the 5th over - 0 run(s), 1 hit(s), 0 error(s), 0 left on base; Gainesville 9 - Santa Fe 0
TOP OF THE 6TH
Gainesville Guidos batting - Pitching for Santa Fe Diablos : LHP Columbo Briatori
Batting: RHB Kurt Walter 0-0: Foul Ball, location: 2F
0-1: Foul Ball, location: 2F
0-2: Ball
1-2: Ball
2-2: Ball
3-2: Base on Balls
Batting: RHB Noriyori Ine 0-0: Ball
1-0: Ball
2-0: Ball
3-0: Base on Balls
Kurt Walter to second
Batting: RHB Tetsunori Ito 0-0: Called Strike
0-1: Ball
1-1: Ball
2-1: Foul Ball, location: 2F
2-2: Grounds into double play, 5-4-3 (Groundball, 56)
Kurt Walter to third
Batting: RHB José Ortega 0-0: Ball
1-0: Ball
2-0: Called Strike
2-1: Foul Ball, location: 2F
2-2: Ball
3-2: Base on Balls
Batting: RHB Ben Morton 0-0: Foul Ball, location: 2F
0-1: Swinging Strike
0-2: Ball
1-2: Foul Ball, location: 2F
1-2: Ball
2-2: Ball
3-2: Foul Ball, location: 2F
3-2: Foul Ball, location: 2F
3-2: Base on Balls
José Ortega to second
Batting: RHB Kyle O'Day 0-0: Called Strike
0-1: Ball
1-1: Ball
2-1: Called Strike
2-2: SINGLE (Line Drive, 56D)
Kurt Walter scores
José Ortega to third
Ben Morton to second
Runner from 3rd tries for Home, SAFE, no throw or cutoff
Batting: RHB Iván Moreno 0-0: Swinging Strike
0-1: Ball
1-1: Swinging Strike
1-2: Strikes out swinging
Top of the 6th over - 2 run(s), 1 hit(s), 0 error(s), 2 left on base; Gainesville 11 - Santa Fe 0
BOTTOM OF THE 6TH
Santa Fe Diablos batting - Pitching for Gainesville Guidos : RHP Ronald Adams
Batting: RHB Michael Anderson 0-0: Ball
1-0: Called Strike
1-1: SINGLE (Line Drive, 34D)
Batting: SHB António Hernández 0-0: Ball
1-0: Ball
2-0: Ball
3-0: Called Strike
3-1: Grounds into double play, 1-6-3 (Groundball, 13)
Batting: RHB Robinson Pacheco 0-0: Called Strike
0-1: Ball
1-1: Ball
2-1: Ball
3-1: Called Strike
3-2: Base on Balls
Batting: LHB Don Soper 0-0: Fly out, F9 (Flyball, 9S)
Bottom of the 6th over - 0 run(s), 1 hit(s), 0 error(s), 1 left on base; Gainesville 11 - Santa Fe 0
TOP OF THE 7TH
Gainesville Guidos batting - Pitching for Santa Fe Diablos : LHP Columbo Briatori
Pitching: LHP Doug Starks
Batting: LHB António Cedeño 0-0: Called Strike
0-1: SINGLE (Flyball, 8RS)
Batting: LHB Dave Watt 0-0: Called Strike
0-1: Ball
1-1: Fly out, F8 (Line Drive, 8RM)
Batting: RHB Kurt Walter 0-0: Ball
1-0: Fly out, F7 (Flyball, 78M)
Batting: RHB Noriyori Ine 0-0: Foul Ball, location: 2F
0-1: Ball
1-1: Ball
2-1: SINGLE (Groundball, 6D)
António Cedeño to second
Batting: RHB Tetsunori Ito 0-0: Called Strike
0-1: Ball
1-1: DOUBLE (Flyball, 89XD)
António Cedeño scores
Noriyori Ine to third
Runner from 3rd tries for Home, SAFE, no throw or cutoff
Batting: RHB José Ortega 0-0: Called Strike
0-1: Ball
1-1: SINGLE (Groundball, 56)
Tetsunori Ito to third
Runner from 3rd tries for Home, SAFE, no throw or cutoff
Batting: RHB Ben Morton 0-0: Ball
1-0: Foul Ball, location: 2F
1-1: SINGLE (Groundball, 3D)
José Ortega to second
Runner from 2nd tries for 3rd, SAFE, throw made to third
Batting: RHB Kyle O'Day 0-0: Ball
1-0: Fly out, F8 (Line Drive, 8LM)
Top of the 7th over - 3 run(s), 5 hit(s), 0 error(s), 2 left on base; Gainesville 14 - Santa Fe 0
BOTTOM OF THE 7TH
Santa Fe Diablos batting - Pitching for Gainesville Guidos : RHP Ronald Adams
Batting: RHB Bill Finley 0-0: Foul Ball, location: 2F
0-1: Fly out, F9 (Flyball, 9LM)
Batting: RHB Keith Jones 0-0: Ball
1-0: Fly out, F5 (Popup, 5SF)
Batting: RHB John Dinkins 0-0: Ball
1-0: Ball
2-0: Foul Ball, location: 2F
2-1: Foul Ball, location: 2F
2-2: Ball
3-2: Base on Balls
Batting: SHB Ángel Díaz 0-0: Foul Ball, location: 2F
0-1: Foul Ball, location: 2F
0-2: Fly out, F8 (Flyball, 8LM)
Bottom of the 7th over - 0 run(s), 0 hit(s), 0 error(s), 1 left on base; Gainesville 14 - Santa Fe 0
TOP OF THE 8TH
Gainesville Guidos batting - Pitching for Santa Fe Diablos : LHP Doug Starks
Pinch Hitting: LHB Ed Hart 0-0: Foul Ball, location: 2F
0-1: Ball
1-1: Ball
2-1: Ball
3-1: Foul Ball, location: 2F
3-2: Base on Balls
Batting: LHB António Cedeño 0-0: Ball
1-0: Ball
2-0: Foul Ball, location: 2F
2-1: Ball
3-1: Base on Balls
Ed Hart to second
Batting: LHB Dave Watt 0-0: Fly out, F6 (Popup, 6MD)
Batting: RHB Kurt Walter 0-0: Foul Ball, location: 2F
0-1: Fly out, F9 (Flyball, 9S)
Batting: RHB Noriyori Ine 0-0: Ball
1-0: Ball
2-0: Foul Ball, location: 2F
2-1: Ball
3-1: Base on Balls
Ed Hart to third
António Cedeño to second
Batting: RHB Tetsunori Ito 0-0: Swinging Strike
0-1: Called Strike
0-2: Strikes out swinging
Top of the 8th over - 0 run(s), 0 hit(s), 0 error(s), 3 left on base; Gainesville 14 - Santa Fe 0
BOTTOM OF THE 8TH
Santa Fe Diablos batting - Pitching for Gainesville Guidos : RHP Ronald Adams
Now at 3B: Juan Carlos Alfonzo
Now in RF: Ed Murray
Batting: RHB Emílio Bruno 0-0: Ball
1-0: SINGLE (Groundball, 13) (infield hit)
Batting: RHB Michael Anderson 0-0: Called Strike
0-1: DOUBLE (Flyball, 89XD)
Emílio Bruno to third
Batting: SHB António Hernández 0-0: Ball
1-0: Foul Ball, location: 2F
1-1: Called Strike
1-2: SINGLE (Line Drive, 34D)
Emílio Bruno scores
Michael Anderson to third
Batting: RHB Robinson Pacheco 0-0: Ball
1-0: Fly out, F7 (Flyball, 7M)
Runner from 3rd tags up, SCORES, throw made
Batting: LHB Don Soper 0-0: Grounds into double play, U4-3 (Groundball, 4)
Bottom of the 8th over - 2 run(s), 3 hit(s), 0 error(s), 0 left on base; Gainesville 14 - Santa Fe 2
TOP OF THE 9TH
Gainesville Guidos batting - Pitching for Santa Fe Diablos : LHP Doug Starks
Batting: RHB José Ortega 0-0: Ball
1-0: Ball
2-0: Called Strike
2-1: Ball
3-1: Base on Balls
Batting: RHB Ben Morton 0-0: Ball
1-0: Ball
2-0: SINGLE (Line Drive, 78S)
José Ortega to second
Pitching: RHP Bill Morris
Batting: RHB Kyle O'Day 0-0: Sac Bunt - play at first, batter OUT! 5-4
José Ortega to third
Ben Morton to second
Batting: RHB Juan Carlos Alfonzo 0-0: Foul Ball, location: 2F
0-1: Foul Ball, location: 2F
0-2: Ball
1-2: SINGLE (Line Drive, 4M)
José Ortega scores
Ben Morton to third
Runner from 3rd tries for Home, SAFE, throw made home
Batting: LHB António Cedeño 0-0: 2-RUN HOME RUN (Flyball, 9LD), Distance : 335 ft
Batting: LHB Dave Watt 0-0: Ball
1-0: Called Strike
1-1: Foul Ball, location: 2F
1-2: Ball
2-2: Foul Ball, location: 2F
2-2: Ball
3-2: SINGLE (Flyball, 8RS)
Batting: LHB Ed Murray 0-0: Ball
1-0: Called Strike
Dave Watt steals 2nd base
1-1: Ball
2-1: Called Strike
2-2: Foul Ball, location: 2F
2-2: Strikes out swinging
Batting: RHB Noriyori Ine 0-0: Swinging Strike
0-1: Foul Ball, location: 2F
0-2: Strikes out swinging
Top of the 9th over - 4 run(s), 4 hit(s), 0 error(s), 1 left on base; Gainesville 18 - Santa Fe 2
BOTTOM OF THE 9TH
Santa Fe Diablos batting - Pitching for Gainesville Guidos : RHP Ronald Adams
Now at C: Ramón Durán
Now at 1B: Marcos Villarreal
Now in CF: Pedro Mata
Batting: RHB Bill Finley 0-0: Called Strike
0-1: Foul Ball, location: 2F
0-2: Ball
1-2: Strikes out swinging
Pitching: RHP Juan Patino
Batting: RHB Keith Jones 0-0: Ball
1-0: SINGLE (Line Drive, 8RS)
Batting: RHB John Dinkins 0-0: Fly out, F7 (Flyball, 7LSF)
Batting: SHB Ángel Díaz 0-0: Ball
1-0: Fly out, F9 (Flyball, 9M)
Bottom of the 9th over - 0 run(s), 1 hit(s), 0 error(s), 1 left on base; Gainesville 18 - Santa Fe 2
This league is powered by Out of the Park Baseball, the baseball management simulation game for PC, Mac and Linux
Saturday, April 9th, 2016 - OOTP Baseball 16.8 Build 38